Map: Oxide LE

Players

PiLiPiLi - Winner!

  • Race: Protoss Protoss
  • League: Grandmaster
  • Spawn Location: 1:00

Future

  • Race: Terran Terran
  • Spawn Location: 7:00

Event: DreamHack SC2 Masters 2020 Winter

VOD

Have the link to the VOD?

Description

Time

  • Played on: Nov. 1, 2020, 2:18 p.m.
  • Length: 7:12

All games in this series

Show
View Real Time Build Order
Export as new Build Order

PiLiPiLi Protoss - Winner!

Build Orders: 1 Gate Expand, Blink Stalkers 

Get SALT Encoding   

  12  0:00  Probe  
  13  0:12  Probe  
  14  0:17  Pylon  
  14  0:25  Probe (Chrono Boost)  
  15  0:36  Gateway  
  15  0:37  Probe (Chrono Boost)  
  16  0:44  Probe (Chrono Boost)  
  16  0:46  Assimilator  
  17  0:51  Probe  
  18  1:03  Probe  
  19  1:15  Probe  
  20  1:21  Nexus  
  20  1:31  Cybernetics Core  
  20  1:34  Probe  
  20  1:39  Assimilator  
  21  1:46  Probe  
  22  1:51  Pylon  
  22  1:58  Probe  
  23  2:06  Stalker (Chrono Boost)  
  23  2:09  Warp Gate  
  23  2:10  Probe  
  26  2:18  Twilight Council  
  27  2:22  Probe  
  27  2:27  Stalker (Chrono Boost)  
  29  2:33  Probe  
  29  2:35  Probe  
  31  2:42  Shield Battery  
  31  2:45  Probe  
  31  2:49  Stalker  
  34  2:54  Probe  
  34  2:56  Blink (Chrono Boost)  
  34  2:57  Probe  
  36  3:07  Probe  
  36  3:09  Probe  
  38  3:13  Gateway  
  38  3:19  Probe  
  39  3:23  Robotics Facility  
  39  3:27  Probe  
  40  3:31  Gateway  
  40  3:37  Probe  
  40  3:39  Probe  
  40  3:40  Pylon  
  42  3:49  Probe  
  42  3:53  Pylon  
  42  3:54  Probe  
  44  3:57  Stalker  
  44  4:01  Probe  
  47  4:03  Assimilator  
  47  4:06  Probe  
  48  4:11  Observer (Chrono Boost)  
  48  4:13  Gateway x2  
  48  4:15  Gateway  
  49  4:20  Gateway  
  49  4:22  Probe  
  50  4:29  Warp Prism (Chrono Boost)  
  52  4:33  Stalker  
  52  4:38  Pylon  
  54  4:41  Stalker  
  54  4:44  Stalker  
  54  4:45  Observer  
  58  4:52  Shield Battery  
  58  4:55  Pylon  
  58  4:58  Observer (Chrono Boost)  
  58  5:18  Stalker x4, Observer (Chrono Boost)  
  58  5:20  Zealot x3  
  73  5:31  Observer  
  72  5:41  Adept x2  
  72  5:42  Adept x2  
  76  5:55  Stalker x3  
  54  6:07  Stalker x2  
  54  6:08  Stalker  
  48  6:35  Probe x2  
  48  6:39  Stalker  
  52  6:40  Stalker x2  
  52  6:41  Stalker  
  58  6:47  Probe  
  58  6:51  Stalker  
  58  6:53  Stalker  
  63  6:54  Probe  
  63  6:59  Probe  
Show
View Real Time Build Order
Export as new Build Order

Future Terran 

Build Orders: Banshee Rush 

Get SALT Encoding   

  12  0:00  SCV  
  13  0:12  SCV  
  14  0:16  Supply Depot  
  14  0:24  SCV  
  15  0:38  SCV  
  15  0:40  Barracks  
  16  0:43  Refinery  
  16  0:50  SCV  
  17  1:02  SCV  
  18  1:14  SCV  
  19  1:27  Marine, Orbital Command  
  20  1:38  Command Center  
  20  1:46  Barracks Reactor  
  20  1:51  Supply Depot  
  20  1:54  SCV  
  21  2:06  SCV  
  22  2:09  Factory  
  22  2:14  Refinery  
  22  2:18  SCV  
  22  2:22  Marine x2  
  25  2:30  SCV  
  26  2:39  Marine  
  26  2:40  Marine  
  26  2:42  SCV  
  29  2:51  Orbital Command  
  29  2:54  Starport  
  29  2:55  SCV, Factory Tech Lab  
  30  3:01  Marine  
  30  3:02  Marine  
  32  3:07  SCV  
  33  3:16  SCV  
  33  3:19  SCV, Marine x2  
  36  3:22  Factory Tech Lab  
  37  3:28  SCV  
  37  3:30  Supply Depot  
  37  3:31  SCV  
  39  3:39  Cloaking Field, Banshee  
  39  3:41  SCV  
  45  3:43  SCV  
  45  3:45  Supply Depot  
  44  3:51  Bunker  
  44  3:52  Siege Tank  
  44  3:53  SCV  
  44  3:55  Marine, SCV  
  50  3:57  Marine  
  50  4:01  Supply Depot  
  51  4:05  SCV  
  51  4:07  SCV  
  53  4:11  Barracks  
  53  4:16  Marine  
  53  4:17  Marine, SCV  
  54  4:19  SCV  
  54  4:22  Banshee  
  60  4:28  Barracks  
  60  4:32  Supply Depot  
  60  4:35  SCV  
  60  4:36  SCV  
  62  4:41  Siege Tank  
  62  4:45  Marine x2  
  67  4:50  SCV x2  
  69  4:55  Supply Depot  
  69  4:58  Engineering Bay  
  69  5:00  Refinery  
  69  5:03  SCV, Marine x2  
  69  5:05  SCV  
  73  5:12  Starport Reactor  
  73  5:15  Stimpack  
  73  5:21  SCV x2, Factory Reactor  
  74  5:26  Supply Depot x2  
  75  5:29  Refinery  
  75  5:35  SCV  
  73  5:38  Bunker  
  73  5:42  Marine x3  
  67  5:43  Marine  
  45  6:00  Marine x4  
  39  6:18  Marine  
  35  6:27  Marine  
  36  6:33  SCV x2  
  38  6:45  SCV x2  
  40  6:57  SCV x2  
Tags
 
Add a new tag
Caveats
  • Supply blocks, unpowered buildings, or Contaminate may cause inaccurate times.
  • Supply counts are checked every 10 seconds.